 Dungeon Crawl Stone Soup version 0.28-a0-828-g0121872642 (webtiles) character file.

Game seed: 16060135966110190172

1261 dickylongcocking the Skirmisher (level 8, -7/52 HPs)
             Began as a Tengu Conjurer on Nov 10, 2021.
             Was a Follower of Vehumet.
             Killed from afar by a white imp (10 damage)
             ... with a puff of frost
             ... on level 5 of the Dungeon.
             The game lasted 00:07:00 (5848 turns).

dickylongcocking the Skirmisher (Tengu Conjurer)    Turns: 5848, Time: 00:07:00

Health: -7/52      AC:  2    Str:  7    XL:     8   Next: 52%
Magic:  13/19      EV: 14    Int: 21    God:    Vehumet [*.....]
Gold:   90         SH:  0    Dex: 13    Spells: 13/20 levels left

rFire   . . .      SeeInvis .   d - +2 dagger (venom)
rCold   . . .      Faith    .   (no shield)
rNeg    . . .      Spirit   .   a - +0 robe
rPois   .          Reflect  .   (helmet restricted)
rElec   .          Harm     .   k - scarf {+Inv}
rCorr   .          Rampage  .   (no gloves)
Will    .....                   (boots unavailable)
Stlth   ++........              (no amulet)
HPRegen 0.17/turn               (no ring)
MPRegen 0.16/turn               (no ring)

@: flying quickly and evasively, quick
A: beak, talons 3, nimble flight
a: Renounce Religion, Evoke Invisibility


You were on level 5 of the Dungeon.
You worshipped Vehumet.
Vehumet was aware of your devotion.
You visited 2 branches of the dungeon, and saw 6 of its levels.

You collected 145 gold pieces.
You spent 55 gold pieces at shops.

Inventory:

Hand Weapons
 b - a +0 flail
 c - a +1 dagger of venom
 d - a +2 dagger of venom (weapon)
Armour
 a - a +0 robe (worn)
 k - a scarf of invisibility (worn)
Jewellery
 o - a +4 ring of slaying
Wands
 g - a wand of flame (20)
 p - a wand of polymorph (7)
 q - a wand of iceblast (8)
Scrolls
 f - 2 scrolls of fear
 h - 3 scrolls of identify
 j - a scroll of teleportation
 l - a scroll of amnesia {unknown}
 m - a scroll of vulnerability {unknown}
 r - a scroll of enchant weapon {unknown}
Potions
 e - a potion of lignification
 i - a potion of flight
 n - a potion of might


   Skills:
 * Level 6.9 Fighting
 - Level 2.2 Dodging
 - Level 2.0 Stealth
 * Level 6.7 Spellcasting
 - Level 5.5 Conjurations


You had 13 spell levels left.
You knew the following spells:

 Your Spells              Type           Power      Damage    Failure   Level
a - Magic Dart            Conj           100%       1d8       1%          1
b - Searing Ray           Conj           60%        2d6       1%          2
c - Iskenderun's Mystic   Conj/Tloc      18%        2d6       28%         4

Your spell library contained the following spells:

 Spells                   Type           Power      Damage    Failure   Level
 Sandblast                Erth           14%        2d6       9%          1
 Animate Skeleton         Necr           14%        N/A       9%          1
 Apportation              Tloc           14%        N/A       9%          1
 Beastly Appendage        Tmut           14%        N/A       9%          1
 Summon Small Mammal      Summ           28%        N/A       9%          1
 Dazzling Flash           Conj/Hex       36%        N/A       9%          3
 Blink                    Tloc           14%        N/A       14%         2
 Sublimation of Blood     Necr           7%         N/A       14%         2
 Wereblood                Tmut           7%         N/A       14%         2
 Spider Form              Tmut/Pois      7%         N/A       26%         3
 Fulminant Prism          Conj/Hex       9%         3d7       28%         4
 Manifold Assault         Tloc           7%         N/A       94%         5
 Storm Form               Tmut/Air       3%         N/A       100%        7
 Summon Hydra             Summ           3%         N/A       100%        7


Dungeon Overview and Level Annotations

Branches:
Dungeon (5/15)             Temple (1/1) D:4

Altars:
Dithmenos
Elyvilon
Fedhas
Gozag
Hepliaklqana
Kikubaaqudgha
Makhleb
Okawaru
Uskayaw
Vehumet
Xom
Zin
The Shining One

Shops:
D:4 ?


Innate Abilities, Weirdness & Mutations

You have a beak for a mouth.
You have claws for feet.
Your magical nature lets you fly swiftly and evasively.


Message History

* * * LOW HITPOINT WARNING * * *
Casting: Searing Ray (safe; 1% risk of failure)
Confirm with . or Enter, or press ? or * to list all spells.
You can't see any susceptible monsters within range! (Use Z to cast anyway.) Unknown command.
Unknown command.
Okay, then.
Okay, then.
Okay, then.
Unknown command.
Unknown command.
Okay, then.
Unknown command.
Okay, then.
Okay, then.
Okay, then.
Unknown command.
Casting: Searing Ray (safe; 1% risk of failure)
Confirm with . or Enter, or press ? or * to list all spells.
You can't see any susceptible monsters within range! (Use Z to cast anyway.) Unknown command.
Casting: Searing Ray (safe; 1% risk of failure)
Confirm with . or Enter, or press ? or * to list all spells.
Aiming: Magic Dart (safe; 1% risk of failure)
Press: ? - help, Shift-Dir - straight line, f - white imp
Aim: a white imp (moderately wounded, 100% to hit)
The magic dart hits the white imp.
The white imp is almost dead.
Unknown command.
Unknown command.
Casting: Magic Dart (safe; 1% risk of failure)
Confirm with . or Enter, or press ? or * to list all spells.
Aiming: Magic Dart (safe; 1% risk of failure)
Press: ? - help, Shift-Dir - straight line, f/p - white imp
Aim: a white imp (almost dead, 100% to hit)
The magic dart hits the white imp but does no damage.
The white imp is almost dead.
The white imp gestures at you. The puff of frost hits you!
You die...

#............#
#5...#
#######.>....#
#[.##
#....รท.# ###.
#......## ....
#.#5....###
####
#..........
###.####..#
#.# .## #@# .#
#.# #.# #.#
... #.# #.#
#.. ###


You could see a white imp.

Vanquished Creatures
  Grinder (D:3)
  Menkaure (D:4)
  Duvessa (D:5)
  A black bear (D:5)
  An ogre (D:4)
  Blork the orc (D:4)
  Dowan (D:5)
  A water moccasin skeleton (D:5)
  A centaur zombie (D:5)
  An orc priest (D:3)
  2 hounds (D:5)
  A jelly (D:5)
  An iguana (D:5)
  An orc wizard (D:3)
  Terence (D:3)
  Natasha (twice) (D:4)
  A scorpion zombie (D:5)
  4 hound skeletons (D:4)
  Robin (D:4)
  6 adders
  A worm (D:4)
  2 dart slugs
  8 orcs
  5 endoplasms
  4 giant cockroaches
  7 hobgoblins
  3 jackals (D:1)
  6 kobolds
  5 quokkas
  4 ball pythons
  9 bats
  6 frilled lizards
  13 goblins
  4 rats (D:1)
107 creatures vanquished.

Notes
Turn   | Place    | Note
-------+----------+-------------------------------------------
     0 | D:1      | dickylongcocking the Tengu Conjurer began the quest for the
                  | Orb.
     0 | D:1      | Reached XP level 1. HP: 10/10 MP: 4/4
   205 | D:1      | Reached XP level 2. HP: 16/16 MP: 1/6
   208 | D:1      | Learned a level 2 spell: Searing Ray
   412 | D:1      | Reached skill level 1 in Fighting
   617 | D:1      | Reached XP level 3. HP: 20/20 MP: 2/7
  1218 | D:1      | Found a faded altar of an unknown god.
  1498 | D:2      | Reached XP level 4. HP: 26/26 MP: 4/9
  2156 | D:3      | Noticed Terence
  2167 | D:3      | Killed Terence
  2371 | D:3      | Noticed Grinder
  2372 | D:3      | Paralysed by Grinder for 3 turns
  2391 | D:3      | Paralysed by Grinder for 4 turns
  2396 | D:3      | Paralysed by Grinder for 5 turns
  2404 | D:3      | Paralysed by Grinder for 3 turns
  2414 | D:3      | Paralysed by Grinder for 6 turns
  2422 | D:3      | Killed Grinder
  2423 | D:3      | Gained mutation: Your magical nature lets you fly swiftly
                  | and evasively. [Tengu growth]
  2423 | D:3      | Reached XP level 5. HP: 25/33 MP: 0/12
  2423 | D:3      | Reached XP level 6. HP: 30/38 MP: 0/13
  3154 | D:3      | Found a hide-covered altar of Uskayaw.
  3365 | D:4      | Noticed Robin
  3374 | D:4      | Killed Robin
  3461 | D:4      | Found Hioluo Tiges's Magic Scroll Shop.
  3574 | D:4      | Bought a scroll of identify for 20 gold pieces
  3575 | D:4      | Bought a scroll of fear for 35 gold pieces
  3795 | D:4      | Noticed Blork the orc
  3813 | D:4      | Killed Blork the orc
  3814 | D:4      | Reached skill level 5 in Spellcasting
  3814 | D:4      | Reached XP level 7. HP: 15/44 MP: 1/15
  4089 | D:4      | Reached skill level 5 in Fighting
  4316 | D:4      | Noticed Menkaure
  4324 | D:4      | Killed Menkaure
  4452 | D:4      | Found a staircase to the Ecumenical Temple.
  4467 | Temple   | Entered the Ecumenical Temple
  4480 | Temple   | Became a worshipper of Vehumet
  4785 | D:4      | Noticed Natasha
  4790 | D:4      | Killed Natasha
  4914 | D:4      | Noticed Natasha
  4919 | D:4      | Killed Natasha
  4945 | D:5      | Entered Level 5 of the Dungeon
  5000 | D:5      | Noticed Duvessa
  5004 | D:5      | Noticed Dowan
  5008 | D:5      | Killed Duvessa
  5009 | D:5      | Reached XP level 8. HP: 29/51 MP: 8/18
  5010 | D:5      | Killed Dowan
  5807 | D:5      | Noticed a two-headed ogre
  5845 | D:5      | Learned a level 4 spell: Iskenderun's Mystic Blast
  5845 | D:5      | Reached * piety under Vehumet
  5845 | D:5      | Offered knowledge of Sandblast by Vehumet.
  5848 | D:5      | Killed from afar by a white imp

Illustrated notes

Levels and vault maps discovered:
D:1:      tarquinn_simple_flora_water_f, layout_basic,
          shapermc_ecumenical_altar_mp_vishouse, minmay_misc_feat_cross,
          st_stairs_13, minmay_pentomino_s2
D:2:      layout_basic
D:3:      layout_loops_ring, nicolae_uskayaw_dance_hall, minmay_liquid_box,
          uniq_grinder, uniq_terence
D:4:      layout_loops_ring, minmay_temple_entry_butterflies, serial_shops,
          shop, uniq_natasha, uniq_blork_the_orc, uniq_robin, uniq_menkaure
D:5:      layout_basic, serial_shops, nicolae_stop_n_shop_2,
          minmay_joined_circles, uniq_duvessa, uniq_pikel
Temple:   nicolae_temple_no_exploring_needed

Skill      XL: |  1  2  3  4  5  6  7 |
---------------+----------------------+-----
Fighting       | 1 2 4 6 |  6.9
Spellcasting   | 4 5 6 |  6.7
Dodging        | |  2.2
Stealth        | |  2.0
Conjurations   | |  5.5

Action                   |  1- 3 |  4- 6 |  7- 9 || total
-------------------------+-------+-------+-------++-------
Melee: Unarmed           |     9 |     6 |       ||    15
       Peck              |     5 |     2 |     3 ||    10
       Dagger            |    14 |    19 |    13 ||    46
       Kick              |     3 |     2 |     2 ||     7
 Cast: Magic Dart        |    40 |    39 |     2 ||    81
       Searing Ray       |    15 |    19 |    29 ||    63
  Use: Potion            |       |     8 |       ||     8
       Scroll            |       |     1 |     1 ||     2
 Stab: Sleeping          |       |       |     1 ||     1
Armor: Robe              |     7 |     5 |     7 ||    19
       Skin              |       |    14 |       ||    14
Dodge: Dodged            |    17 |    27 |    50 ||    94

Table legend: (Time is in decaauts)
 A = Elapsed time spent in this place.
 B = Non-inter-level travel time spent in this place.
 C = Inter-level travel time spent in this place.
 D = Time resting spent in this place.
 E = Time spent auto-exploring this place.
 F = Levels seen in this place.
 G = Mean time per level.
                   A        B        C        D        E       F      G
               +--------+--------+--------+--------+--------+-----+--------+
         Total |   5682 |   5527 |    155 |    641 |   4213 |   6 |  947.0 |
       Dungeon |   5663 |   5514 |    149 |    641 |   4213 |   5 | 1132.6 |
        Temple |     18 |     13 |      5 |      0 |      0 |   1 |   18.0 |
               +--------+--------+--------+--------+--------+-----+--------+

Top non-repeatable levels by time:
     D:4: 1493 daAuts
     D:1: 1243 daAuts
     D:3: 1206 daAuts
     D:5: 875 daAuts
     D:2: 845 daAuts
  Temple: 18 daAuts
